 Dungeon Crawl Stone Soup version 0.18-a0-1203-gbde16db (webtiles) character file.

154901 Duffy the Executioner (level 17, 0/151 HPs)
             Began as a Hill Orc Fighter on Feb 1, 2016.
             Was the Champion of Cheibriados.
             Slain by a titan (14 damage)
             ... on level 2 of the Depths.
             The game lasted 00:42:42 (32135 turns).

Duffy the Executioner (Hill Orc Fighter)           Turns: 32135, Time: 00:42:42

Health: 0/151      AC: 28    Str: 47    XL:     17   Next: 63%
Magic:  11/23      EV: 26    Int: 25    God:    Cheibriados [******]
Gold:   2278       SH:  0    Dex: 30    Spells: 2 memorised, 11 levels left

rFire  . . .     SeeInvis .     a - +9 executioner's axe (elec)
rCold  . . .     Gourm    .     H - +2 plate armour {MR+}
rNeg   . . .     Faith    .     (shield currently unavailable)
rPois  +         Spirit   .     p - +2 helmet
rElec  .         Dismiss  .     C - +0 cloak
rCorr  .         Reflect  .     w - +0 pair of gloves
SustAt .         Harm     .     L - +2 pair of boots of Focus {rPois Str+3}
MR     ++++.                    W - amulet of regeneration (curse)
Stlth  ..........               N - ring of protection from magic
                                B - ring of protection from magic

@: mighty, agile, flayed, very slow, incredibly resistant to hostile
enchantments, extremely unstealthy
A: no striking features
a: Bend Time, Temporal Distortion, Slouch, Step From Time, Renounce Religion


You were on level 2 of the Depths.
You worshipped Cheibriados.
Cheibriados was exalted by your worship.
You were not hungry.

You visited 5 branches of the dungeon, and saw 28 of its levels.
You also visited: Labyrinth.

You collected 2543 gold pieces.
You spent 265 gold pieces at shops.


   Skills:
 + Level 13.9 Fighting
 - Level 26.0 Axes
 + Level 13.4 Armour
 + Level 10.3 Dodging
   Level 3.2 Shields
 - Level 8.5 Invocations


You had 11 spell levels left.
You knew the following spells:

 Your Spells              Type           Power        Failure   Level  Hunger
g - Passage of Golubria   Tloc           N/A          100%        4    #####..
j - Apportation           Tloc           #.........   43%         1    ##.....

Inventory:

Hand Weapons
 a - a +9 executioner's axe of electrocution (weapon)
 x - a +0 blowgun
Missiles
 t - 37 poisoned needles
 P - a throwing net (quivered)
Armour
 p - a +2 helmet (worn)
 w - a +0 pair of gloves (worn)
 C - a +0 cloak (worn)
 H - a +2 plate armour of magic resistance (worn)
 J - a +2 plate armour of cold resistance
 K - a +4 plate armour
 L - the +2 pair of boots of Focus (worn) {rPois Str+3}

   It affects your strength (+3).
   It protects you from poison.
Jewellery
 k - an uncursed ring of resist corrosion
 y - an uncursed ring of sustain attributes
 B - a ring of protection from magic (left hand)
 N - a ring of protection from magic (right hand)
 Q - an uncursed ring of protection from cold
 W - a cursed amulet of regeneration (around neck)
Wands
 o - a wand of paralysis (9/24)
 R - a wand of teleportation (5/9)
 Y - a wand of digging (12/24)
 Z - a wand of disintegration (16/24)
Scrolls
 b - a scroll of holy word
 c - 4 scrolls of blinking
 e - 8 scrolls of recharging
 h - 6 scrolls of enchant armour
 i - 8 scrolls of remove curse
 m - 7 scrolls of fear
 q - a scroll of magic mapping
 u - 2 scrolls of summoning
 A - 2 scrolls of fog
 F - 3 scrolls of teleportation
 M - a scroll of silence
 T - 4 scrolls of enchant weapon
Potions
 d - 4 potions of might
 g - 6 potions of brilliance
 n - 5 potions of cancellation
 r - a potion of invisibility
 v - 3 potions of lignification
 z - 2 potions of magic
 D - 5 potions of flight
 E - a potion of resistance
 G - 10 potions of curing
 O - a potion of ambrosia
 U - 2 potions of agility
Miscellaneous
 S - a legendary deck of changes {the Helix}
Comestibles
 f - 15 bread rations
 j - 15 fruits
 l - 16 meat rations
 X - 4 royal jellies

Dungeon Overview and Level Annotations

Branches:
Dungeon (15/15)            Temple (1/1) D:6            Lair (8/8) D:11
 Shoals (0/4) Lair:5        Snake (0/4) Lair:6        Slime (0/6) Lair:6
    Orc (2/2) D:9             Elf (0/3) Orc:2        Vaults (0/5) D:14
 Depths (2/5) D:15

Altars:
Ashenzari
Cheibriados
Dithmenos
Elyvilon
Fedhas
Gozag
Kikubaaqudgha
Makhleb
Nemelex Xobeh
Okawaru
Pakellas
Qazlal
Ru
Sif Muna
Trog
Vehumet
Xom
Yredelemnul
Zin
The Shining One
Beogh

Shops:
D:4 !   D:11 =   Orc:2 ?[?:

Portals:
Pandemonium: Orc:2

Annotations:
Lair:6 exclusion: 2 oklob plants


Message History

The titan is heavily wounded.
The titan hits you!!
Drink which item? (? for menu, Esc to quit)
You feel much better. The titan misses you.
The fire giant hits you with a great sword of flaming!!
The fire giant burns you!
Drink which item? (? for menu, Esc to quit)
You feel much better.
The flayed ghost cries, "Suffer as I suffered!"
Terrible wounds spread across more of your body!
The titan hits you but does no damage.
The fire giant hits you but does no damage.
Drink which item? (? for menu, Esc to quit)
You feel much better. The titan closely misses you.
Drink which item? (? for menu, Esc to quit)
You feel much better. The fire giant casts a spell at you.
The fireball explodes!
The fireball engulfs you!
The fireball engulfs the titan.
The fireball engulfs the fire giant.
The fire giant resists.
The titan mumbles some strange words.
The titan is healed somewhat.
You hear an angry hiss.
Drink which item? (? for menu, Esc to quit)
You feel much better. The fire giant closely misses you. The titan hits you!!!
An ettin comes into view. It is wielding two dire flails.
You fail to use your ability.
The flayed ghost cries, "Suffer as I suffered!"
Terrible wounds spread across more of your body!
The fire giant barely misses you.
The titan waves its arms in wide circles.
The air twists around and strikes you!
You can feel time thicken for a moment.
You feel somewhat more hungry. The titan hits you!
You die...

## #. ##!# #.#
##.#$# #.#.#
##.#.#.# #)#.#
##.#.#.#C# #.#.#
##.#.#.#.#Q#.#W#
##.#.#.#.#.#C#C#
##$#.#$#.#.#.#@#
##.#.#.#.#%#.#(#.#
##}#.#.#.#.#.#.#.#(#
#.#.#.#.#.#.#)#.#.##
$#.#.#[#.#.#.#.#.##
#.#.#$#.#.#$#$#.##
.#.#(#.#.#.#.#.##
#$#.#.#.#$#.#$##
.#.#.#.#.#.#.##


You could see a titan, a fire giant, an ettin, a flayed ghost and a tengu
warrior.

Action                   |  1- 3 |  4- 6 |  7- 9 | 10-12 | 13-15 | 16-18 || total
-------------------------+-------+-------+-------+-------+-------+-------++-------
Melee: War axe           |   132 |   163 |   550 |   321 |       |       ||  1166
       Executioner's axe |       |       |       |   234 |   826 |   399 ||  1459
Invok: Slouch            |       |       |       |     1 |       |     5 ||     6
  Use: Potion            |       |       |     1 |       |       |     9 ||    10
       Scroll            |       |       |    13 |    12 |    14 |     6 ||    45
 Stab: Invisible         |       |       |     1 |       |       |       ||     1
  Eat: Chunk             |     1 |     5 |    20 |    12 |    13 |     1 ||    52
       Royal jelly       |       |       |       |       |     3 |     4 ||     7
       Pizza             |       |       |       |       |     2 |       ||     2
       Beef jerky        |       |       |       |       |     9 |       ||     9

Notes
Turn   | Place    | Note
--------------------------------------------------------------
     0 | D:1      | Duffy the Hill Orc Fighter began the quest for the Orb.
     0 | D:1      | Reached XP level 1. HP: 19/19 MP: 1/1
    56 | D:1      | Reached skill level 3 in Axes
   121 | D:1      | Reached XP level 2. HP: 26/26 MP: 2/2
   227 | D:1      | Reached skill level 4 in Axes
   360 | D:2      | Reached XP level 3. HP: 29/31 MP: 3/3
   772 | D:3      | Reached skill level 5 in Axes
  1156 | D:4      | Reached XP level 4. HP: 39/39 MP: 4/4
  1252 | D:3      | Found a shadowy altar of Dithmenos.
  1260 | D:3      | Reached skill level 6 in Axes
  1760 | D:4      | Reached XP level 5. HP: 45/45 MP: 5/5
  1770 | D:4      | Found an oddly glowing altar of Pakellas.
  1802 | D:4      | Reached skill level 7 in Axes
  1849 | D:4      | Found Xuidd's Distillery.
  1876 | D:4      | Bought a potion of heal wounds for 50 gold pieces
  1876 | D:4      | Bought a potion of lignification for 30 gold pieces
  1876 | D:4      | Bought a potion of mutation for 25 gold pieces
  1876 | D:4      | Bought a potion of poison for 10 gold pieces
  2039 | D:5      | Entered Level 5 of the Dungeon
  2282 | D:5      | Reached skill level 8 in Axes
  2282 | D:5      | Reached XP level 6. HP: 31/51 MP: 6/6
  2827 | D:5      | Reached skill level 9 in Axes
  2899 | D:5      | Reached XP level 7. HP: 29/57 MP: 7/7
  2925 | D:5      | Reached skill level 10 in Axes
  3655 | D:5      | Reached skill level 11 in Axes
  3882 | D:6      | Found a sparkling altar of Nemelex Xobeh.
  3897 | D:6      | Reached XP level 8. HP: 40/64 MP: 8/8
  4036 | D:6      | Found a staircase to the Ecumenical Temple.
  4047 | Temple   | Entered the Ecumenical Temple
  4830 | D:2      | Found a shattered altar of Ashenzari.
  5937 | D:3      | Found a glowing silver altar of Zin.
  6100 | D:3      | Found a sacrificial altar of Ru.
  6100 | D:3      | Found a blossoming altar of Fedhas.
  6258 | D:6      | Reached skill level 12 in Axes
  6730 | D:6      | Reached skill level 13 in Axes
  6839 | D:7      | Found a snail-covered altar of Cheibriados.
  6846 | D:7      | Reached skill level 4 in Armour
  6851 | D:7      | Became a worshipper of Cheibriados the Contemplative
  7096 | D:6      | Found a sacrificial altar of Ru.
  7840 | D:7      | Reached XP level 9. HP: 70/70 MP: 9/9
  7850 | D:7      | Reached * piety under Cheibriados
  7850 | D:7      | Reached skill level 5 in Armour
  8258 | D:7      | Found an opulent altar of Gozag.
  8261 | D:7      | Found a bloodstained altar of Trog.
  8703 | D:7      | Reached skill level 14 in Axes
  8703 | D:7      | Reached skill level 6 in Armour
  8971 | D:8      | Got a pair of heavily runed boots
  8982 | D:8      | Identified the +2 pair of boots of Focus {rPois Str+3} (You found it on level 8 of the Dungeon)
  9066 | D:8      | Reached skill level 7 in Armour
  9118 | D:8      | Reached ** piety under Cheibriados
  9422 | D:8      | Noticed a two-headed ogre
  9427 | D:8      | Killed a two-headed ogre
  9427 | D:8      | Reached skill level 8 in Armour
  9468 | D:8      | Reached XP level 10. HP: 76/78 MP: 10/10
  9513 | D:8      | Reached skill level 4 in Fighting
  9513 | D:8      | Reached skill level 15 in Axes
  9778 | D:8      | Reached skill level 5 in Fighting
  9866 | D:8      | Noticed Joseph
  9875 | D:8      | Killed Joseph
 10001 | D:8      | Reached *** piety under Cheibriados
 10171 | D:8      | Reached skill level 6 in Fighting
 10263 | D:8      | Noticed Jessica
 10271 | D:8      | Killed Jessica
 10280 | D:8      | Found a deep blue altar of Sif Muna.
 10386 | D:9      | Noticed Rayvis's ghost (novice MiFi)
 10412 | D:10     | Entered Level 10 of the Dungeon
 10878 | D:9      | Reached skill level 7 in Fighting
 10878 | D:9      | Reached skill level 16 in Axes
 10959 | D:9      | Found an ancient bone altar of Kikubaaqudgha.
 11044 | D:9      | Killed Rayvis's ghost
 11044 | D:9      | Reached skill level 8 in Fighting
 11379 | D:9      | Found a roughly hewn altar of Beogh.
 11379 | D:9      | Found a staircase to the Orcish Mines.
 11395 | D:9      | Reached **** piety under Cheibriados
 11690 | D:9      | Reached skill level 2 in Invocations
 11697 | D:9      | Reached skill level 3 in Invocations
 11697 | D:9      | Reached XP level 11. HP: 94/94 MP: 10/13
 11813 | D:9      | Reached skill level 4 in Invocations
 11964 | D:9      | Reached skill level 5 in Invocations
 12146 | D:10     | Reached skill level 6 in Invocations
 12656 | D:11     | Noticed Erolcha
 12673 | D:11     | Killed Erolcha
 12846 | D:11     | Reached ***** piety under Cheibriados
 12875 | D:11     | Noticed a red ugly thing
 12885 | D:11     | Killed a red ugly thing
 12885 | D:11     | Reached skill level 17 in Axes
 12885 | D:11     | Reached skill level 7 in Invocations
 12889 | D:11     | Noticed a manticore
 12893 | D:11     | Killed a manticore
 13027 | D:11     | Killed an unseen horror
 13027 | D:11     | Reached skill level 8 in Invocations
 13288 | D:11     | Noticed a hill giant
 13294 | D:11     | Killed a hill giant
 13729 | D:11     | Noticed a red ugly thing
 13733 | D:11     | Killed a red ugly thing
 13759 | D:11     | Found Tocoal's Jewellery Boutique.
 13813 | D:11     | Noticed a hill giant
 13818 | D:11     | Killed a hill giant
 13818 | D:11     | Reached skill level 1 in Dodging
 13975 | D:11     | Found a staircase to the Lair.
 14259 | D:11     | Reached XP level 12. HP: 101/103 MP: 18/18
 14262 | D:11     | Reached skill level 9 in Fighting
 14320 | Lair:1   | Entered Level 1 of the Lair of Beasts
 14731 | Lair:1   | Reached skill level 2 in Dodging
 15232 | Lair:2   | Reached skill level 18 in Axes
 15355 | Lair:2   | Reached skill level 9 in Armour
 15497 | Lair:2   | Reached ****** piety under Cheibriados
 15616 | Lair:2   | Reached skill level 3 in Dodging
 15795 | Lair:2   | Noticed a four-headed hydra
 15802 | Lair:2   | Killed a seven-headed hydra
 16585 | Lair:3   | Noticed Maud
 16592 | Lair:3   | Killed Maud
 16685 | Lair:3   | Reached skill level 10 in Fighting
 16816 | Lair:3   | Reached skill level 19 in Axes
 16818 | Lair:3   | Reached skill level 10 in Armour
 16825 | Lair:3   | Reached skill level 4 in Dodging
 17049 | Lair:3   | Reached XP level 13. HP: 113/113 MP: 19/19
 17533 | Lair:4   | Reached skill level 5 in Dodging
 18386 | Lair:4   | Reached skill level 6 in Dodging
 18685 | Lair:4   | Reached skill level 20 in Axes
 19232 | Lair:5   | Reached skill level 7 in Dodging
 19375 | Lair:5   | Found a staircase to the Shoals.
 19896 | Lair:6   | Reached skill level 21 in Axes
 19896 | Lair:6   | Reached XP level 14. HP: 112/121 MP: 20/20
 20160 | Lair:6   | Found a staircase to the Snake Pit.
 20238 | Lair:6   | Learned a level 1 spell: Animate Skeleton
 20848 | Lair:6   | Found a staircase to the Slime Pits.
 21723 | Lair:7   | Reached skill level 22 in Axes
 22620 | Lair:8   | Entered Level 8 of the Lair of Beasts
 22831 | Lair:8   | Reached skill level 23 in Axes
 23747 | Lair:8   | Reached XP level 15. HP: 126/126 MP: 21/21
 24150 | Lair:8   | Reached skill level 24 in Axes
 25108 | D:12     | Found an iron altar of Okawaru.
 25839 | D:13     | Noticed Rupert
 25847 | D:13     | Killed Rupert
 25901 | D:13     | Found a labyrinth entrance.
 25906 | Lab      | Entered a labyrinth
 26010 | Lab      | Reached skill level 25 in Axes
 27410 | D:14     | Found a glowing silver altar of Zin.
 27411 | D:14     | Noticed an angel
 27449 | D:14     | Found a gate to the Vaults.
 28167 | D:15     | Entered Level 15 of the Dungeon
 28167 | D:15     | Found a snail-covered altar of Cheibriados.
 28176 | D:15     | Reached skill level 26 in Axes
 28238 | D:15     | Found a staircase to the Depths.
 28244 | D:15     | Reached XP level 16. HP: 99/134 MP: 22/22
 28694 | D:15     | Reached skill level 8 in Dodging
 28805 | D:15     | Reached skill level 11 in Fighting
 28918 | D:15     | Reached skill level 11 in Armour
 29213 | Lair:6   | Learned a level 1 spell: Apportation
 29332 | Lair:1   | Learned a level 4 spell: Passage of Golubria
 29443 | Orc:1    | Entered Level 1 of the Orcish Mines
 29547 | Orc:1    | Found a bloodstained altar of Trog.
 29817 | Orc:2    | Entered Level 2 of the Orcish Mines
 29918 | Orc:2    | Found Deirukhecvar's Magic Scroll Shop.
 29935 | Orc:2    | Found Appiaxen's Magic Scroll Boutique.
 30004 | Orc:2    | Bought a scroll of enchant weapon for 75 gold pieces
 30004 | Orc:2    | Bought a scroll of enchant weapon for 75 gold pieces
 30216 | Orc:2    | Found Guotury's Antique Armour Emporium.
 30216 | Orc:2    | Found Wyquch's Book Shoppe.
 30216 | Orc:2    | Found a one-way gate leading to the halls of Pandemonium.
 30414 | Orc:2    | Found Deney's Book Shoppe.
 30508 | Orc:1    | Reached skill level 12 in Fighting
 30692 | Orc:2    | Found a staircase to the Elven Halls.
 31326 | D:15     | Reached skill level 9 in Dodging
 31329 | D:15     | Reached skill level 12 in Armour
 31366 | Depths:1 | Entered Level 1 of the Depths
 31688 | Depths:1 | Noticed Mara
 31705 | Depths:1 | Killed Mara
 31705 | Depths:1 | Reached XP level 17. HP: 97/148 MP: 23/23
 31971 | Depths:2 | Noticed a caustic shrike
 31976 | Depths:2 | Reached skill level 13 in Fighting
 31976 | Depths:2 | Killed a caustic shrike
 31982 | Depths:2 | Noticed a tentacled monstrosity
 31985 | Depths:2 | Noticed a titan
 31989 | Depths:2 | Killed a titan
 31994 | Depths:2 | Killed a tentacled monstrosity
 31994 | Depths:2 | Reached skill level 13 in Armour
 31994 | Depths:2 | Reached skill level 10 in Dodging
 32094 | Depths:2 | Noticed a sphinx
 32097 | Depths:2 | Killed a sphinx
 32100 | Depths:2 | Noticed a golden dragon
 32125 | Depths:2 | Killed a golden dragon
 32127 | Depths:2 | Noticed a titan
 32135 | Depths:2 | Slain by a titan

Vault maps used:
D:1:      lemuel_arrival_funnel, st_stairs_4
D:2:      evilmike_ruin_ashenzari
D:3:      nicolae_overflow_hidden_temple, nicolae_overflow_crystal_walls,
          gammafunk_temple_overflow_pools, first_bread,
          kennysheep_generic_room_8
D:4:      overflow_temple_1_default, serial_shops, shop, serial_bayou_lagoon_a
D:6:      nemelex_xobeh_ov_fountains_minmay,
          minmay_temple_entry_statues_fountains, serial_bayou_ford_a,
          minmay_misc_feat_diagonals, amethyst_killhole,
          nicolae_ru_great_annihilating_truth
D:7:      minitemple
D:8:      tgw_sif, uniq_joseph
D:9:      old_standard_altar, david_orc_5, grunt_ogre_cave
D:11:     lair_0_dummy, serial_shops, shop, uniq_erolcha
D:12:     basic_altar
D:13:     lab_entry_generic, uniq_rupert
D:14:     david_vaults_1, zin_angel
D:15:     gammafunk_depths_entry_grave, minmay_misc_feat_encased, basic_altar,
          serial_bayou_crossing
Temple:   circular_temple_pool_8
Lair:1:   serial_bayou_shore_b
Lair:2:   forest_paths, st_stairs_10
Lair:3:   serial_bayou_shore_a, uniq_maud
Lair:4:   grunt_megastairs_3, infiniplex_staircase_pool_2
Lair:5:   elwin_shoals_entry_rocks, grunt_megastairs_1, lemuel_fruit_tree
Lair:6:   minmay_snake_entry_guardpost_small, minmay_slime_entry_oklob_open,
          serial_bayou_lagoon_b
Lair:7:   special_room, zaba_anthell
Lair:8:   hangedman_lair_tendril_chambers, grunt_megastairs_4
Orc:1:    trog_butcher_becter
Orc:2:    pf_orc_diabolical, serial_shops, nicolae_shop_crystal
Depths:1: kennysheep_decorative_pillar, grunt_hell_horde, abyss_entry_crystal,
          roderic_bali_sauvastika, serial_bayou_lake_a, uniq_mara, uniq_norris
Depths:2: angbandy_vault, pf_hell_entry_tar_spiral,
          minmay_misc_feat_more_columns
Lab:      nicolae_lab_stuck, labyrinth_skeletal_remains, lab_hedge,
          nicolae_lab_t_cross, nicolae_lab_diamond, nicolae_lab_hexagon

Vanquished Creatures
  Mara
  A caustic shrike
  A golden dragon
  A tentacled monstrosity Rupert
  A titan
  A sphinx
  2 fire giants
  A frost giant Maud
  A spriggan defender
  A very ugly thing
  A vampire knight
  3 stone giants
  A minotaur
  2 ettins
  A fire dragon
  2 yaktaur captains
  An entropy weaver
  A spriggan air mage
  6 centaur warriors
  10 hydras
  The ghost of Rayvis the Cleaver, a novice MiFi of the Shining One
  2 ogre magi Erolcha
  7 death yaks
  A queen ant
  2 vampire magi
  A spriggan berserker
  7 orc high priests
  A soul eater
  A fire crab
  A skeletal warrior
  2 unseen horrors
  6 orc knights
  A torturous demonspawn
  A tengu zombie
  4 hill giants
  A harpy (shapeshifter)
  A putrid demonspawn
  3 necromancers
  2 wizards
  2 deep elf magi
  9 ugly things
  2 wolf spiders
  3 manticores
  2 griffons
  2 cyclopes
  6 orc sorcerers
  14 black mambas
  An iron dragon skeleton Joseph
  A guardian serpent
  A stone giant skeleton
  10 elephants
  3 torpor snails
  A centaur skeleton
  A gargoyle
  2 orange demons
  19 spiny frogs
  3 yaktaurs
  2 efreet
  8 komodo dragons
  2 fire drakes
  A hellwing
  An ice devil
  A redback zombie
  3 kobold demonologists
  A freezing wraith
  A queen bee
  A guardian mummy
  7 trolls
  6 two-headed ogres
  8 slime creatures
  A wolf spider simulacrum
  30 blink frogs
  A boulder beetle
  An ice dragon zombie
  2 redbacks
  A wraith
  3 wyverns
  3 shadows
  A steam dragon
  12 hippogriffs
  A vampire
  11 hungry ghosts
  A basilisk
  34 yaks
  3 vampire mosquitoes
  22 wolves
  3 wargs
  15 soldier ants
  3 nagas
  22 porcupines
  30 water moccasins
  30 orc warriors
  7 sky beasts
  A hornet simulacrum
  7 wasps
  An eye of draining
  A black bear
  An ice beast
  A necrophage
  13 ogres
  4 phantoms
  20 centaurs
  3 boggarts
  21 crocodiles
  4 big kobolds
  24 giant frogs
  An earth elemental
  A wyvern zombie
  9 scorpions
  26 killer bees
  4 wights
  6 electric eels
  4 centaur zombies
  12 crimson imps
  A giant frog zombie
  25 orc priests
  5 hounds
  7 jellies
  20 orc wizards
  A gnoll shaman Jessica
  16 iguanas
  57 worker ants
  25 sheep
  A hound zombie
  A worker ant zombie
  23 adders
  5 gnolls
  77 river rats
  2 shadow imps
  An ooze
  An adder zombie
  An adder skeleton
  2 worms
  5 giant geckos
  94 orcs
  11 bats
  6 giant cockroaches
  9 goblins
  7 hobgoblins
  13 jackals
  9 quokkas
  A ball python
  A giant cockroach zombie
  A giant gecko skeleton
  5 giant newts
  18 kobolds
  6 rats
  37 fungi
  50 plants
  A withered plant
1159 creatures vanquished.
